 Dungeon Crawl Stone Soup version 0.20.1-1-g8b1a95d (webtiles) character file.

107 Hebeh the Sneak (level 4, 0/37 HPs)
             Began as a Naga Conjurer on Oct 27, 2017.
             Slain by an orc
             ... wielding a +0 hand axe
              (4 damage)
             ... on level 3 of the Dungeon on Oct 29, 2017.
             The game lasted 00:44:16 (3508 turns).

Hebeh the Sneak (Naga Conjurer)                     Turns: 3508, Time: 00:44:17

Health: 0/37       AC:  2    Str: 10    XL:     4   Next: 85%
Magic:  1/7        EV: 10    Int: 16    God:
Gold:   170        SH:  0    Dex: 12    Spells: 2/8 levels left

rFire    . . .     SeeInvis +   f - +0 dagger
rCold    . . .     Gourm    .   (no shield)
rNeg     . . .     Faith    .   a - +0 robe
rPois    +         Spirit   .   (no helmet)
rElec    .         Reflect  .   (no cloak)
rCorr    .         Harm     .   (no gloves)
MR       .....                  (no barding)
Stlth    +++.......             (no amulet)
Regen    0.2/turn               (no ring)
MPRegen  0.1/turn               (no ring)

@: short of breath, very slow
A: see invisible, deformed body, poison resistance, slowness 2, slow metabolism
1, spit poison 1, AC +1
a: Spit Poison


You were on level 3 of the Dungeon.
You were very hungry.

You visited 1 branch of the dungeon, and saw 4 of its levels.

You collected 170 gold pieces.

Inventory:

Hand Weapons
 f - a +0 dagger (weapon)
 i - a +0 spear
 j - a +0 mace
 l - a +0 spear
 q - a +0 spear
Missiles
 d - 20 bolts
 e - 79 arrows
 h - 23 sling bullets
 y - 32 stones (quivered)
Armour
 a - a +0 robe (worn)
 o - a +0 pair of gloves
 r - a +0 animal skin
 s - a +0 helmet
 z - a +0 leather armour
Scrolls
 g - a scroll of blinking {unknown}
 t - a scroll of identify {unknown}
 u - a scroll of teleportation {unknown}
 v - a scroll of recharging {unknown}
 x - a scroll of immolation {unknown}
 A - a scroll of amnesia {unknown}
 B - a scroll of enchant weapon {unknown}
Potions
 m - 2 potions of curing {unknown}
 p - a potion of agility {unknown}
 w - a potion of mutation {unknown}
Books
 b - a book of Conjurations

   Spells                             Type                      Level
   a - Magic Dart                     Conjuration                  1
   b - Searing Ray                    Conjuration                  2
   c - Dazzling Spray                 Conjuration/Hexes            3
   d - Fulminant Prism                Conjuration/Hexes            4
   e - Force Lance                    Conjuration/Translocation    4
   f - Iskenderun's Mystic Blast      Conjuration                  4
Comestibles
 c - a bread ration
 k - 4 meat rations
 n - a royal jelly


   Skills:
 - Level 0.4 Fighting
 - Level 1.5 Dodging
 * Level 6.1 Stealth
 + Level 2.5 Spellcasting
 + Level 4.4 Conjurations


You had 2 spell levels left.
You knew the following spells:

 Your Spells              Type           Power        Failure   Level  Hunger
a - Magic Dart            Conj           ###.         3%          1    #......
b - Dazzling Spray        Conj/Hex       #.....       24%         3    ###....
c - Searing Ray           Conj           ###...       4%          2    ##.....


Dungeon Overview and Level Annotations

Branches:
Dungeon (4/15)
 Temple: D:4-7

Altars:
The Shining One

Annotations:
D:2 1 runed door


Innate Abilities, Weirdness & Mutations

You cannot wear boots.
Your serpentine skin is tough. (AC +1)
You have supernaturally acute eyesight. (SInv)
Armour fits poorly on your strangely shaped body.
Your system is resistant to poisons. (rPois)
You cover ground very slowly.
You have a slow metabolism.
You can spit poison.


Message History

The orc hits you with a hand axe. The orc completely misses you.
Press: ? - help, Shift-Dir - straight line, f/p - orc
Aim: an orc, wielding a hand axe and wearing a scale mail (severely wounded)
The splash of poison hits the orc.
The orc is poisoned.
You kill the orc!
You feel slightly more hungry. The orc closely misses you.
Casting: Magic Dart
Confirm with . or Enter, or press ? or * to list all spells.
Aiming: Magic Dart
Press: ? - help, Shift-Dir - straight line, f - iguana
Aim: an iguana The magic dart hits the iguana.
The iguana is lightly wounded.
The iguana bites you!
* * * LOW HITPOINT WARNING * * *
The orc barely misses you.
The orc hits you from afar with a trident.
* * * LOW HITPOINT WARNING * * *
The orc hits you with a hand axe.
You die...

########.# #.##.....# .
#####.....####........#
#...............#.....#
#.....................#
#.....##........#....##
###.....##.............#
#.......###............#
#.....#................#
#...............@l.#####
#..............##o....#
####...........##.o...#
#.............#.....#
#....##.......#.....#
#....##.......#.....#
#....##.......#.....#
.....[.##.............#
.....####.............#


You could see an iguana and 2 orcs.

Vanquished Creatures
  Robin (D:2)
  An ooze (D:1)
  5 leopard geckos
  3 orcs (D:3)
  A ball python (D:2)
  4 bats (D:2)
  6 giant cockroaches
  21 goblins
  11 hobgoblins
  4 jackals (D:2)
  5 quokkas
  3 frilled lizards (D:2)
  2 kobolds
  2 rats (D:2)
69 creatures vanquished.

Notes
Turn   | Place    | Note
-------+----------+-------------------------------------------
     0 | D:1      | Hebeh the Naga Conjurer began the quest for the Orb.
     0 | D:1      | Reached XP level 1. HP: 15/15 MP: 3/3
   318 | D:1      | Reached skill level 4 in Stealth
   318 | D:1      | Reached XP level 2. HP: 22/22 MP: 5/5
   900 | D:1      | Reached skill level 5 in Stealth
   945 | D:1      | Reached XP level 3. HP: 26/30 MP: 4/6
  1202 | D:1      | Learned a level 3 spell: Dazzling Spray
  1205 | D:1      | Learned a level 2 spell: Searing Ray
  1765 | D:2      | Noticed Robin
  1802 | D:2      | Killed Robin
  1802 | D:2      | Reached XP level 4. HP: 37/37 MP: 0/7
  2377 | D:2      | Found a glowing golden altar of the Shining One.
  2449 | D:2      | Reached skill level 6 in Stealth
  2777 | D:2      | Found a runed door.
  3508 | D:3      | Slain by an orc

Skill      XL: |  1  2  3  4 |
---------------+-------------+-----
Stealth        | 4 5 6 |  6.1
Fighting       | |  0.4
Dodging        | |  1.5
Spellcasting   | |  2.5
Conjurations   | |  4.4

Action                   |  1- 3 |  4- 6 || total
-------------------------+-------+-------++-------
Melee: Dagger            |     1 |    11 ||    12
 Cast: Magic Dart        |    42 |    41 ||    83
 Abil: Spit Poison       |    30 |    26 ||    56
  Eat: Chunk             |     4 |     1 ||     5
       Bread ration      |       |     1 ||     1
Armor: Robe              |     3 |     2 ||     5
Dodge: Dodged            |    12 |    35 ||    47
